 Dungeon Crawl Stone Soup version 0.21-a0-321-g91e3373 (webtiles) character file.

158681 tilp the Fencer (level 17, 0/150 HPs)
             Began as a Hill Orc Fire Elementalist on Sept 29, 2017.
             Was a High Priest of Okawaru.
             Slain by a thorn hunter (5 damage)
             ... on level 4 of the Swamp on Sept 30, 2017.
             The game lasted 03:13:23 (42742 turns).

tilp the Fencer (Hill Orc Fire Elementalist)       Turns: 42742, Time: 03:13:25

Health: 0/150      AC: 23    Str: 20    XL:     17   Next: 72%
Magic:  17/44      EV: 15    Int: 28    God:    Okawaru [*****.]
Gold:   1158       SH:  4    Dex: 13    Spells: 15/45 levels left

rFire    + . .     SeeInvis +   J - +11 rapier "Suadeqit" {drain, rC++ Str+4}
rCold    + + +     Gourm    .   (no shield)
rNeg     + . .     Faith    .   i - +5 scale mail "Jybetauschi" {rC+ Int+4}
rPois    +         Spirit   .   j - +2 hat {SInv}
rElec    +         Reflect  .   F - +2 cloak {+Inv}
rCorr    .         Harm     .   o - +2 pair of gloves
MR       ++...                  W - +1 pair of boots
Stlth    +.........             Q - macabre finger necklace {rN+}
HPRegen  0.35/turn              w - ring "Cudoisol" {+Fly rPois rC+}
MPRegen  0.29/turn              D - ring "Tulinyul" {rF+ Str+3 Slay+4}
                                s - ring "Joteniykk" {*Slow rElec MR+ MP+9 Int+2}

@: no status effects
A: horns 1, talons 1, repulsion field 1, large bone plates 1, thin skeletal
structure 1, blink, clever 1, robust 1, evolution 1
a: Blink, Heroism, Finesse, Renounce Religion, Evoke Invisibility, Evoke Flight


You were on level 4 of the Swamp.
You worshipped Okawaru.
Okawaru was extremely pleased with you.
You were hungry.

You visited 6 branches of the dungeon, and saw 31 of its levels.

You collected 3223 gold pieces.
You spent 2065 gold pieces at shops.

Inventory:

Hand Weapons
 J - the +11 rapier "Suadeqit" (weapon) {drain, rC++ Str+4}
   (You found it on level 4 of the Dungeon)

   A truly terrible weapon, it drains the life of those it strikes.
   It affects your strength (+4).
   It greatly protects you from cold.
Missiles
 K - 8 silver javelins (quivered)
Armour
 i - the +5 scale mail "Jybetauschi" (worn) {rC+ Int+4}
   (Okawaru gifted it to you on level 2 of the Lair of Beasts)

   It affects your intelligence (+4).
   It protects you from cold.
 j - a +2 hat of see invisible (worn)
 o - a +2 pair of gloves (worn)
 F - a +2 cloak of invisibility (worn)
 W - a +1 pair of boots (worn)
Jewellery
 m - an uncursed ring of flight
 s - the ring "Joteniykk" (on amulet) {*Slow rElec MR+ MP+9 Int+2}
   (You bought it in a shop on level 1 of the Orcish Mines)

   [ring of protection from magic]

   It affects your intelligence (+2).
   It insulates you from electricity.
   It affects your resistance to hostile enchantments.
   It affects your magic capacity (+9).
   It may slow you when you take damage.
 w - the ring "Cudoisol" (left hand) {+Fly rPois rC+}
   (You bought it in a shop on level 2 of the Orcish Mines)

   [ring of poison resistance]

   It protects you from cold.
   It protects you from poison.
   It lets you fly.
 D - the ring "Tulinyul" (right hand) {rF+ Str+3 Slay+4}
   (You bought it in a shop on level 2 of the Orcish Mines)

   [ring of slaying]

   It affects your strength (+3).
   It affects your accuracy and damage with ranged weapons and melee attacks
   (+4).
   It protects you from fire.
 Q - the macabre finger necklace (around neck) {rN+}
   (You found it on level 6 of the Lair of Beasts)

   [amulet of nothing]

   It protects you from negative energy.
Wands
 b - a wand of paralysis (9/24)
 c - a wand of confusion (11/48)
 h - a wand of acid (4/15)
 u - a wand of lightning (6/15)
 z - a wand of polymorph (4/24)
 V - a wand of digging (18/24)
Scrolls
 f - a scroll of teleportation
 v - 8 scrolls of remove curse
 C - 4 scrolls of fog
 P - a scroll of summoning
Potions
 e - 6 potions of brilliance
 l - a potion of invisibility
 p - 8 potions of agility
 q - a potion of cancellation
 A - 6 potions of curing
 E - 2 potions of berserk rage
 G - 3 potions of magic
 H - 6 potions of might
 U - 2 potions of flight
 Y - 3 potions of resistance
 Z - a potion of haste
Miscellaneous
 d - a phial of floods
 k - a lamp of fire
Comestibles
 a - 14 bread rations
 g - 4 chunks of flesh


   Skills:
 - Level 9.0 Fighting
 - Level 6.0(11.0) Short Blades
   Level 15.1(15.5) Long Blades
 - Level 6.0 Armour
 - Level 6.0 Dodging
 - Level 1.5 Stealth
 + Level 14.9 Spellcasting
 + Level 12.1 Conjurations
 + Level 13.2 Fire Magic
 - Level 6.0 Invocations
 - Level 6.0 Evocations


You had 15 spell levels left.
You knew the following spells:

 Your Spells              Type           Power        Failure   Level  Hunger
a - Flame Tongue          Conj/Fire      #####        1%          1    None
b - Throw Flame           Conj/Fire      ######       1%          2    None
c - Conjure Flame         Conj/Fire      #######.     1%          3    None
d - Sticky Flame          Conj/Fire      #######.     1%          4    None
e - Fireball              Conj/Fire      #######...   1%          5    None
f - Animate Skeleton      Necr           N/A          6%          1    None
g - Apportation           Tloc           ###...       6%          1    None
h - Summon Small Mammal   Summ           ###.         6%          1    None
i - Swiftness             Chrm/Air       ###.....     10%         2    None
j - Throw Icicle          Conj/Ice       ######..     4%          4    None
l - Bolt of Fire          Conj/Fire      #######...   4%          6    ####...


Dungeon Overview and Level Annotations

Branches:
Dungeon (15/15)            Temple (1/1) D:5            Lair (6/6) D:9
  Swamp (4/4) Lair:3       Spider (3/4) Lair:2        Slime (0/5) Lair:5
    Orc (2/2) D:12            Elf (0/3) Orc:2        Vaults (0/5) D:13
 Depths (0/5) D:15

Altars:
Ashenzari
Cheibriados
Dithmenos
Elyvilon
Fedhas
Gozag
Hepliaklqana
Kikubaaqudgha
Makhleb
Nemelex Xobeh
Okawaru
Qazlal
Ru
Sif Muna
Trog
Uskayaw
Vehumet
Wu Jian
Xom
Yredelemnul
Zin
The Shining One
Beogh

Shops:
D:8 :   Orc:1 =   Orc:2 *=[%

Annotations:
D:12 runed door (angel)
Lair:4 exclusion: oklob plant
Swamp:1 Frances
Swamp:4 exclusion: Roxanne, Roxanne
Spider:3 Aizul, Jorgrun


Innate Abilities, Weirdness & Mutations

You have a pair of small horns on your head.
You have sharp toenails.
You are surrounded by a mild repulsion field. (EV +2)
You are partially covered in large bone plates. (SH +4)
You have a somewhat thin skeletal structure. (Dex +2, Stealth)
You can translocate small distances at will.
Your mind is acute. (Int +2)
You are robust. (+10% HP)
You evolve.


Message History

Unknown command.
You feel better.
The seven-headed hydra bites you but does no damage. x2
The seven-headed hydra barely misses you.
The seven-headed hydra closely misses you.
The seven-headed hydra barely misses you.
The seven-headed hydra bites you but does no damage.
The seven-headed hydra closely misses you.
The swamp dragon is engulfed in a cloud of scalding steam.
You kill the swamp dragon!
Okawaru accepts your kill.
The eight-headed hydra bites you but does no damage. x2
The eight-headed hydra bites you.
* * * LOW HITPOINT WARNING * * *
The eight-headed hydra misses you. The eight-headed hydra bites you.
* * * LOW HITPOINT WARNING * * *
The eight-headed hydra barely misses you.
The eight-headed hydra bites you but does no damage. x2
You block the thorn hunter's attack. The thorn hunter hits you.
You die...

♣♣♣♣♣ ♣♣♣♣♣♣♣PPP♣
♣♣♣§§.§♣.PPP♣♣♣♣♣♣
♣@D§≈≈≈§≈≈≈..≈PP≈≈
♣♣Df§≈≈≈k≈≈≈≈≈≈PP≈≈
♣kik≈≈≈≈≈≈..≈≈≈PP≈≈
♣♣≈≈≈≈≈≈≈...≈≈≈PP..
♣♣D..≈≈♣.≈≈≈≈.PP♣♣
♣≈.D.D♣♣..≈≈≈≈PP≈♣
♣...≈≈.♣≈.≈≈≈≈P♣♣♣
♣♣≈≈≈...≈.♣.≈♣♣♣≈
♣♣♣≈≈≈†≈≈≈≈♣♣♣♣ ♣≈


You could see a thorn hunter, an ice dragon, 2 eight-headed hydras, a
seven-headed hydra, a swamp dragon, a spriggan druid and 3 swamp drakes.

Vanquished Creatures
  Arachne (Spider:2)
  Kirke (Spider:3)
  4 emperor scorpions
  2 orc warlords
  3 entropy weavers (Spider:2)
  Snorg (D:14)
  13 hydras
  A merfolk avatar (Lair:6)
  4 vault guards (D:13)
  A ghost crab (Swamp:4)
  An anaconda (Lair:5)
  2 ogre magi
  9 two-headed ogres
  A death knight (D:14)
  A centaur warrior (D:14)
  3 alligators
  4 orc high priests
  3 tengu warriors (D:13)
  A deep elf knight (D:13)
  Nergalle (D:10)
  Sonja (D:13)
  A golden dragon zombie (D:15)
  5 unseen horrors
  2 skeletal warriors (D:15)
  3 sea snakes (Lair:6)
  A flayed ghost (D:15)
  8 swamp dragons
  4 deep elf magi
  A necromancer (D:15)
  The ghost of vishdafish the Cudgeler, a novice TrFi of Cheibriados (D:6)
  6 orc sorcerers
  5 orc knights
  2 shambling mangroves
  A harpy (Lair:6)
  2 ugly things (D:12)
  11 orb spiders
  25 wolf spiders
  5 manticores
  2 moths of wrath
  Maurice (D:11)
  A centaur zombie (D:14)
  5 elephants (Lair:6)
  3 cyclopes
  7 black mambas
  A molten gargoyle (Lair:1)
  6 gargoyles
  17 spiny frogs
  2 rime drakes
  4 freezing wraiths (D:14)
  3 komodo dragons
  3 kobold demonologists
  A yaktaur (D:12)
  9 demonic crawlers
  17 jumping spiders
  5 trolls
  2 tengu conjurers
  A yaktaur skeleton (D:15)
  6 tyrant leeches
  3 polar bears (Lair:6)
  18 hornets
  Prince Ribbit (D:6)
  A spriggan zombie (D:15)
  A wolf spider simulacrum (D:15)
  9 blink frogs
  12 slime creatures
  A harpy skeleton (D:15)
  5 bog bodies
  10 hippogriffs
  A deep troll zombie (D:15)
  A meliai zombie (D:11)
  A hippogriff (shapeshifter) (D:12)
  38 redbacks
  Sigmund (D:6)
  2 wraiths
  34 yaks
  2 spriggans
  4 shadows
  2 water elementals (D:15)
  2 hogs (Spider:3)
  21 tarantellas
  7 wyverns
  4 basilisks
  2 hungry ghosts
  18 vampire mosquitoes
  3 insubstantial wisps (Swamp:4)
  2 wargs
  A soldier ant (D:11)
  24 swamp worms
  4 porcupines
  13 water moccasins
  5 sky beasts
  33 orc warriors
  7 swamp drakes
  4 ice beasts
  2 black bears
  8 ogres
  3 phantoms
  14 wolves
  18 centaurs
  14 crocodiles
  Blork the orc (D:6)
  5 big kobolds
  11 bullfrogs
  A wyvern zombie (D:12)
  11 scorpions
  5 killer bees
  11 wights
  2 electric eels (D:9)
  3 howler monkeys
  3 crimson imps
  2 bullfrog zombies
  3 quasits
  3 bullfrog skeletons
  2 jellies
  Crazy Yiuf (D:3)
  4 centaur skeletons
  25 orc priests
  3 gnoll shamans
  10 hounds
  33 orc wizards
  Terence (D:3)
  4 iguanas
  12 worker ants
  A hound zombie (D:9)
  2 hound skeletons
  2 worker ant zombies
  10 gnolls
  19 adders
  6 shadow imps
  An ooze (D:2)
  An adder zombie (D:5)
  2 adder skeletons (D:6)
  2 worms (D:4)
  2 dart slugs
  7 leopard geckos
  112 orcs
  7 ball pythons
  4 giant cockroaches
  8 goblins
  10 hobgoblins
  14 jackals
  8 quokkas
  7 bats
  8 frilled lizards
  A jackal zombie (D:5)
  17 kobolds
  28 rats
1028 creatures vanquished.

Vanquished Creatures (others)
  A spriggan druid (Swamp:4)
  A demonic crawler (Spider:1)
  A wight (D:15)
  An orc priest (Orc:2)
  2 orcs
  7 fungi
  7 plants
20 creatures vanquished.

Grand Total: 1048 creatures vanquished

Notes
Turn   | Place    | Note
-------+----------+-------------------------------------------
     0 | D:1      | tilp the Hill Orc Fire Elementalist began the quest for the Orb.
     0 | D:1      | Reached XP level 1. HP: 14/14 MP: 3/3
   355 | D:1      | Reached XP level 2. HP: 20/20 MP: 4/4
   369 | D:1      | Learned a level 2 spell: Throw Flame
  1006 | D:2      | Reached XP level 3. HP: 26/26 MP: 5/5
  1223 | D:2      | Found a bloodstained altar of Trog.
  1226 | D:2      | Reached XP level 4. HP: 27/33 MP: 5/7
  1237 | D:2      | Learned a level 3 spell: Conjure Flame
  1347 | D:2      | Found a stormy altar of Qazlal.
  1350 | D:2      | Found a sparkling altar of Nemelex Xobeh.
  1467 | D:2      | Found a shadowy altar of Dithmenos.
  1470 | D:2      | Found an opulent altar of Gozag.
  1471 | D:2      | Found a basalt altar of Yredelemnul.
  2045 | D:3      | Reached XP level 5. HP: 35/38 MP: 6/8
  2210 | D:3      | Noticed a phantom
  2425 | D:2      | Killed a phantom
  2616 | D:3      | Noticed Terence
  2630 | D:3      | Killed Terence
  2630 | D:3      | Reached skill level 5 in Fire Magic
  2630 | D:3      | Reached XP level 6. HP: 41/45 MP: 0/10
  2857 | D:3      | Found a runed door.
  3002 | D:3      | Found a snail-covered altar of Cheibriados.
  3186 | D:3      | Noticed Crazy Yiuf
  3195 | D:3      | Killed Crazy Yiuf
  3370 | D:4      | Gained mutation: Your natural rate of healing is unusually fast. [potion of mutation]
  3370 | D:4      | Gained mutation: You have large cloven feet. [potion of mutation]
  3370 | D:4      | Gained mutation: Your system is resistant to poisons. (rPois) [potion of mutation]
  3370 | D:4      | Gained mutation: You have supernaturally acute eyesight. (SInv) [potion of mutation]
  3394 | D:4      | Learned a level 4 spell: Sticky Flame
  3509 | D:4      | Reached XP level 7. HP: 46/50 MP: 12/12
  3611 | D:4      | Got a polished rapier
  3618 | D:4      | Identified the +11 rapier "Suadeqit" {drain, rC++ Str+4} (You found it on level 4 of the Dungeon)
  4149 | D:4      | Found a shattered altar of Ashenzari.
  4338 | D:5      | Entered Level 5 of the Dungeon
  4344 | D:5      | Reached skill level 5 in Conjurations
  4421 | D:5      | Reached XP level 8. HP: 57/57 MP: 8/14
  4473 | D:5      | Found a staircase to the Ecumenical Temple.
  4482 | Temple   | Entered the Ecumenical Temple
  5034 | D:5      | Found an iron altar of Okawaru.
  5034 | D:5      | Found a deep blue altar of Sif Muna.
  5038 | D:5      | Became a worshipper of Warmaster Okawaru
  5182 | D:5      | Found a shadowy altar of Dithmenos.
  5442 | D:5      | Learned a level 5 spell: Fireball
  5574 | D:6      | Reached * piety under Okawaru
  5606 | D:6      | Reached skill level 1 in Short Blades
  5624 | D:6      | Reached skill level 5 in Spellcasting
  5624 | D:6      | Reached XP level 9. HP: 38/62 MP: 13/16
  5755 | D:6      | Noticed vishdafish's ghost (novice TrFi)
  6036 | D:6      | Noticed Blork the orc
  6044 | D:6      | Killed Blork the orc
  6161 | D:6      | Noticed Sigmund
  6185 | D:6      | Killed Sigmund
  6185 | D:6      | Reached ** piety under Okawaru
  6757 | D:6      | Noticed Prince Ribbit
  6763 | D:6      | Killed Prince Ribbit
  6954 | D:6      | You fall through a shaft!
  7500 | D:7      | Noticed a hornet
  7509 | D:7      | Killed a hornet
  8391 | D:7      | Reached XP level 10. HP: 69/69 MP: 10/18
  8928 | D:7      | Reached *** piety under Okawaru
  9293 | D:8      | Reached skill level 1 in Fighting
  9345 | D:7      | Reached skill level 5 in Short Blades
  9715 | D:8      | Noticed a two-headed ogre
  9738 | D:8      | Killed a two-headed ogre
  9738 | D:8      | Reached **** piety under Okawaru
  9903 | D:8      | Found Ydatsu's Book Emporium.
  9972 | D:8      | Gained mutation: You are dopey. (Int -2) [mutagenic meat]
  9973 | D:8      | Gained mutation: Your muscles are strong. (Str +2) [mutagenic meat]
  9978 | D:8      | Gained mutation: You are partially covered in large bone plates. (SH +4) [mutagenic meat]
  9979 | D:8      | Lost mutation: Your muscles are strong. (Str +2) [mutagenic meat]
  9980 | D:8      | Gained mutation: You have a somewhat thin skeletal structure. (Dex +2, Stealth) [mutagenic meat]
 10226 | D:8      | Bought a book of Cantrips for 240 gold pieces
 10228 | D:8      | Learned a level 1 spell: Animate Skeleton
 10230 | D:8      | Learned a level 1 spell: Apportation
 10232 | D:8      | Learned a level 1 spell: Summon Small Mammal
 10514 | D:9      | Found a staircase to the Lair.
 10536 | D:9      | Reached XP level 11. HP: 71/84 MP: 13/21
 10694 | D:9      | Reached ***** piety under Okawaru
 10743 | D:9      | Found a shattered altar of Ashenzari.
 11301 | Lair:1   | Entered Level 1 of the Lair of Beasts
 11329 | D:10     | Entered Level 10 of the Dungeon
 11388 | D:10     | Noticed Nergalle
 11780 | D:10     | Reached skill level 10 in Fire Magic
 12095 | D:10     | Noticed an unseen horror
 12105 | D:10     | Killed an unseen horror
 12375 | D:10     | Reached skill level 5 in Fighting
 13119 | D:11     | Noticed a cyclops
 13237 | D:11     | Noticed Maurice
 13237 | D:11     | Noticed an unseen horror
 13277 | D:11     | Killed Maurice
 13286 | D:11     | Killed an unseen horror
 13667 | D:11     | Noticed a two-headed ogre
 13676 | D:11     | Killed a two-headed ogre
 13676 | D:11     | Received a gift from Okawaru
 14006 | D:12     | Found a staircase to the Orcish Mines.
 14068 | D:12     | Found a roughly hewn altar of Beogh.
 14072 | D:12     | Received a gift from Okawaru
 14075 | D:12     | Noticed a red ugly thing
 14105 | D:12     | Killed a green ugly thing
 14117 | D:12     | Noticed a two-headed ogre
 14119 | D:12     | Noticed a deep elf mage
 14510 | D:12     | Noticed a cyclops
 14668 | Lair:1   | Noticed a four-headed hydra
 14683 | Lair:1   | Killed a four-headed hydra
 14683 | Lair:1   | Reached XP level 12. HP: 79/103 MP: 20/24
 14772 | Lair:1   | Learned a level 2 spell: Swiftness
 14813 | Lair:1   | Reached skill level 1 in Invocations
 14970 | Lair:1   | Reached skill level 1 in Evocations
 15461 | Lair:2   | Upgraded the game from 0.21-a0-314-gb3271ec to 0.21-a0-321-g91e3373
 15712 | Lair:2   | Found a hole to the Spider Nest.
 16322 | Lair:2   | Reached skill level 5 in Invocations
 17021 | Lair:3   | Noticed a six-headed hydra
 17026 | Lair:3   | Killed a six-headed hydra
 17026 | Lair:3   | Received a gift from Okawaru
 17554 | Lair:3   | Found a staircase to the Swamp.
 17819 | Lair:3   | Lost mutation: You have large cloven feet. [potion of mutation]
 17819 | Lair:3   | Lost mutation: You have supernaturally acute eyesight. (SInv) [potion of mutation]
 17819 | Lair:3   | Lost mutation: Your system is resistant to poisons. (rPois) [potion of mutation]
 17819 | Lair:3   | Gained mutation: You occasionally shout uncontrollably at your foes. [potion of mutation]
 17819 | Lair:3   | Gained mutation: You are frail. (-10% HP) [potion of mutation]
 17819 | Lair:3   | Gained mutation: You evolve. [potion of mutation]
 17820 | Lair:3   | Lost mutation: You are frail. (-10% HP) [potion of mutation]
 17820 | Lair:3   | Lost mutation: You occasionally shout uncontrollably at your foes. [potion of mutation]
 17820 | Lair:3   | Gained mutation: Your body sometimes deteriorates upon taking damage. [potion of mutation]
 17820 | Lair:3   | Gained mutation: You can translocate small distances at will. [potion of mutation]
 17821 | Lair:3   | Lost mutation: Your body sometimes deteriorates upon taking damage. [potion of mutation]
 17821 | Lair:3   | Lost mutation: You are dopey. (Int -2) [potion of mutation]
 17821 | Lair:3   | Gained mutation: You have sharp toenails. [potion of mutation]
 18467 | Lair:5   | Reached skill level 5 in Evocations
 18922 | Lair:5   | Reached XP level 13. HP: 111/111 MP: 16/26
 19071 | Lair:5   | Reached skill level 1 in Armour
 19071 | Lair:5   | Reached skill level 10 in Spellcasting
 19291 | Lair:5   | Found a staircase to the Slime Pits.
 19361 | Lair:5   | Gained mutation: You are surrounded by a mild repulsion field. (EV +2) [evolution]
 19800 | Lair:6   | Entered Level 6 of the Lair of Beasts
 20038 | D:10     | Killed Nergalle
 20050 | D:10     | Identified the Guide on Ice and the Voyage
 20921 | D:12     | Reached ****** piety under Okawaru
 20922 | D:12     | Reached skill level 5 in Armour
 21283 | D:12     | Learned a level 4 spell: Throw Icicle
 21419 | D:12     | Got a smoking hand axe {chop}
 21420 | D:12     | Identified the +7 hand axe of Pride {chop, +Blink rElec} (You took it off a deep elf mage on level 12 of the Dungeon)
 21423 | D:12     | Identified a scroll of acquirement
 21671 | D:12     | Found a white marble altar of Elyvilon.
 21671 | D:12     | Found a runed door.
 21671 | D:12     | Noticed an angel
 21795 | Orc:1    | Entered Level 1 of the Orcish Mines
 21824 | Orc:1    | Noticed an orc warlord
 21867 | Orc:1    | Killed an orc warlord
 22042 | Orc:1    | Lost mutation: Your natural rate of healing is unusually fast. [evolution]
 22273 | Orc:2    | Entered Level 2 of the Orcish Mines
 22273 | Orc:2    | Found a staircase to the Elven Halls.
 22273 | Orc:2    | Found Umnobist's Assorted Antiques.
 22304 | Orc:2    | Bought a smoking turquoise ring for 185 gold pieces
 22304 | Orc:2    | Bought a scroll of identify for 74 gold pieces
 22316 | Orc:1    | Identified the ring "Tulinyul" {rF+ Str+3 Slay+4} (You bought it in a shop on level 2 of the Orcish Mines)
 22353 | Orc:2    | Received a gift from Okawaru
 22360 | Orc:2    | Got a pair of ancient gloves {god gift}
 22371 | Orc:2    | Identified the +0 pair of gloves "Duovvat" {Dex+2} (Okawaru gifted it to you on level 2 of the Orcish Mines)
 22432 | Orc:1    | Reached skill level 5 in Dodging
 22501 | Orc:2    | Noticed an orc warlord
 22603 | Orc:2    | Killed an orc warlord
 22618 | Orc:2    | Reached XP level 14. HP: 90/118 MP: 11/28
 22624 | Orc:1    | Found Kowarru's Jewellery Shoppe.
 23309 | Orc:2    | Reached skill level 1 in Long Blades
 23333 | Orc:2    | Reached skill level 2 in Long Blades
 23606 | Orc:2    | Reached skill level 3 in Long Blades
 23664 | Orc:2    | Reached skill level 4 in Long Blades
 23674 | Orc:2    | Found Zezoc's Antique Armour Shop.
 23674 | Orc:2    | Found Deatwesomm's Jewellery Emporium.
 23676 | Orc:2    | Found Sivaet's Assorted Antiques.
 23676 | Orc:2    | Found Jisunat's Food Emporium.
 23687 | Orc:2    | Bought the ring "Cudoisol" {+Fly rPois rC+} for 577 gold pieces
 23692 | Orc:2    | Bought a slimy leather armour for 196 gold pieces
 23702 | Orc:2    | Identified the +1 leather armour of the Mantidfly {rC+ rN+ Int-3 Slay+3} (You bought it in a shop on level 2 of the Orcish Mines)
 24058 | Orc:1    | Reached skill level 5 in Long Blades
 24149 | Orc:1    | Received a gift from Okawaru
 24151 | Orc:1    | Reached skill level 6 in Long Blades
 24537 | Orc:1    | Bought the ring "Joteniykk" {*Slow rElec MR+ MP+9 Int+2} for 621 gold pieces
 24537 | Orc:1    | Bought a +3 amulet of reflection for 172 gold pieces
 24743 | D:6      | Killed vishdafish's ghost
 25020 | Swamp:1  | Entered Level 1 of the Swamp
 25042 | Swamp:1  | Reached skill level 7 in Long Blades
 25282 | Swamp:1  | Reached skill level 8 in Long Blades
 25625 | Swamp:1  | Gained mutation: You have a pair of small horns on your head. [evolution]
 25732 | Swamp:1  | Noticed Frances
 26354 | Swamp:2  | Reached skill level 9 in Long Blades
 27770 | Swamp:2  | Reached XP level 15. HP: 87/124 MP: 21/31
 27773 | Swamp:2  | Reached skill level 10 in Long Blades
 28499 | Swamp:2  | Found a glowing golden altar of the Shining One.
 28870 | Swamp:3  | Reached skill level 11 in Long Blades
 29485 | Swamp:3  | Found a shattered altar of Ashenzari.
 29978 | Lair:1   | Learned a level 5 spell: Bolt of Magma
 30060 | Lair:2   | Received a gift from Okawaru
 30063 | Lair:2   | Got an ancient scale mail {god gift}
 30089 | Lair:2   | Identified the +5 scale mail "Jybetauschi" {rC+ Int+4} (Okawaru gifted it to you on level 2 of the Lair of Beasts)
 30090 | Spider:1 | Entered Level 1 of the Spider Nest
 30335 | Spider:1 | Noticed an emperor scorpion
 30355 | Spider:1 | Killed an emperor scorpion
 30355 | Spider:1 | Reached skill level 12 in Long Blades
 31493 | Spider:1 | Reached skill level 13 in Long Blades
 32327 | Spider:1 | Reached skill level 14 in Long Blades
 32512 | Spider:1 | Noticed an emperor scorpion
 32546 | Spider:1 | Killed an emperor scorpion
 32786 | Spider:1 | Noticed an emperor scorpion
 32800 | Spider:1 | Killed an emperor scorpion
 32800 | Spider:1 | Received a gift from Okawaru
 32806 | Spider:1 | Reached XP level 16. HP: 119/132 MP: 9/33
 32920 | Spider:1 | Gained mutation: Your mind is acute. (Int +2) [evolution]
 33166 | Spider:1 | Got a scorched great sword {god gift}
 33167 | Spider:1 | Identified the +3 great sword of the Heavens {slice, Str+3 Int-4 Dex+4} (Okawaru gifted it to you on level 1 of the Spider Nest)
 33558 | Spider:2 | Noticed Arachne
 34232 | Spider:2 | Reached skill level 15 in Long Blades
 34601 | Spider:2 | Killed Arachne
 34964 | Spider:2 | Received a gift from Okawaru
 34967 | Spider:2 | Got a faintly humming robe {god gift}
 34980 | Spider:2 | Identified the +0 robe of Wammifani {MR+ MP+9 Dex+8} (Okawaru gifted it to you on level 2 of the Spider Nest)
 35658 | Spider:3 | Noticed Aizul
 35673 | Spider:3 | Noticed Jorgrun
 36174 | Spider:3 | Noticed Kirke
 36273 | Spider:3 | Killed Kirke
 36273 | Spider:3 | Reached skill level 10 in Conjurations
 37655 | Lair:6   | Found the macabre finger necklace {rN+}
 37663 | Lair:6   | Got a pitted leather armour
 37849 | Lair:6   | Identified the cursed +0 leather armour of the Bouncing Moons {Dex+3} (You found it on level 6 of the Lair of Beasts)
 38139 | D:12     | Received a gift from Okawaru
 38580 | D:13     | Found an opulent altar of Gozag.
 38732 | D:13     | Noticed Sonja
 38772 | D:13     | Killed Sonja
 38857 | D:13     | Reached XP level 17. HP: 125/137 MP: 31/35
 39254 | D:13     | Found a gate to the Vaults.
 39721 | D:14     | Noticed Snorg
 39739 | D:14     | Killed Snorg
 40010 | D:14     | Found a glowing silver altar of Zin.
 40437 | D:14     | Gained mutation: You are robust. (+10% HP) [evolution]
 40442 | D:15     | Entered Level 15 of the Dungeon
 40814 | D:15     | Found a staircase to the Depths.
 41018 | D:15     | Found a stormy altar of Qazlal.
 41345 | D:15     | Received a gift from Okawaru
 41459 | D:15     | Learned a level 6 spell: Bolt of Fire
 41753 | Swamp:4  | Entered Level 4 of the Swamp
 42083 | Swamp:4  | Noticed Roxanne
 42740 | Swamp:4  | HP: 6/150 [seven-headed hydra (3)]
 42741 | Swamp:4  | HP: 2/150 [thorn hunter (10)]
 42742 | Swamp:4  | Slain by a thorn hunter

Vault maps used:
D:1:      minmay_arrival_checkered_box
D:2:      nicolae_overflow_crystal_walls, minitemple, grunt_decor_clamped,
          minmay_rat_hole
D:3:      kb_forest_paths, cheibriados_altar_1, uniq_crazy_yiuf_cottage,
          uniq_terence
D:4:      serial_park_tiny_pond, ashenzari_altar_1
D:5:      gammafunk_temple_overflow_wave, minmay_temple_entry_trees,
          first_bread, grunt_dithmenos_shadows
D:6:      uniq_prince_ribbit1, uniq_sigmund, uniq_blork_the_orc
D:7:      kennysheep_seaside_town
D:8:      serial_shops, nicolae_shop_window_shopping
D:9:      lemuel_round_altar, erik_lair_island
D:10:     uniq_nergalle
D:11:     grunt_ogre_cave, uniq_maurice
D:12:     minmay_the_grid_octo_tiled_squarecenter_mashed,
          minmay_orc_entry_temple_small, lemuel_angel_altar
D:13:     grunt_vaults_entry_fortified, minmay_misc_feat_x,
          grunt_gozag_breadcrumbs, uniq_sonja
D:14:     minmay_misc_feat_roman, basic_altar, uniq_snorg
D:15:     gammafunk_depths_entry_grave, basic_altar, minivault_14
Temple:   hc_temple_tempest_star
Lair:1:   st_stairs_8, serial_bayou_shore_b, infiniplex_staircase_pool,
          grunt_megastairs_5
Lair:2:   nicolae_spider_entry_orb_guardian, hibernation_bobbens
Lair:3:   minmay_swamp_entry_worms
Lair:4:   lemuel_oklob_altar
Lair:5:   beast_lair_carwin_large_2, minmay_slime_entry_pillars
Lair:6:   gammafunk_lair_ancient_temple
Swamp:1:  hangedman_swamp_pad, swamp_pool3, hangedman_swamp_cone, uniq_frances
Swamp:2:  basic_altar
Swamp:3:  basic_altar, infiniplex_staircase_pool_2
Swamp:4:  swamp_alternative, nicolae_swamp_dense_foliage, uniq_roxanne
Spider:1: nicolae_spider_corner, spider_trap
Spider:2: uniq_arachne
Spider:3: uniq_jorgrun, uniq_aizul, uniq_kirke
Orc:1:    serial_shops, shop_statue, enter_bailey_2
Orc:2:    grunt_orc_tribal_feast, serial_shops, nicolae_shop_trees

Skill      XL: |  1  2  3  4  5  6  7  8  9 10 11 12 13 14 15 16 17 |
---------------+----------------------------------------------------+-----
Spellcasting   | 2 3 4 5 7 8 9 10 12 13 14 | 14.9
Conjurations   | 2 3 4 5 6 7 8 9 10 12 | 12.1
Fire Magic     | 4 5 6 7 8 9 10 11 13 | 13.2
Short Blades   | 1 4 6 |  6.0
Fighting       | 4 8 9 |  9.0
Invocations    | 6 |  6.0
Evocations     | 5 6 |  6.0
Armour         | 6 |  6.0
Dodging        | 5 6 |  6.0
Long Blades    | 9 14 15 | 15.1
Stealth        | |  1.5

Action                   |  1- 3 |  4- 6 |  7- 9 | 10-12 | 13-15 | 16-18 || total
-------------------------+-------+-------+-------+-------+-------+-------++-------
Melee: Short sword       |    56 |       |       |       |       |       ||    56
       Whip              |    15 |   179 |    24 |       |       |       ||   218
       Kick              |       |     5 |    31 |    59 |       |       ||    95
       Rapier            |       |       |   170 |   337 |   902 |   777 ||  2186
       Punch             |       |       |       |       |     5 |     3 ||     8
       Hand axe          |       |       |       |       |     2 |       ||     2
       Headbutt          |       |       |       |       |    77 |   202 ||   279
Throw: Stone             |       |     3 |       |       |       |       ||     3
       Javelin           |       |       |       |    10 |     2 |       ||    12
 Cast: Flame Tongue      |    14 |    52 |   104 |   237 |   181 |   151 ||   739
       Conjure Flame     |       |     5 |     9 |    66 |    58 |    21 ||   159
       Throw Flame       |       |     1 |     3 |    27 |    76 |    23 ||   130
       Sticky Flame      |       |       |    10 |    43 |    89 |    72 ||   214
       Fireball          |       |       |       |     1 |    10 |    18 ||    29
       Bolt of Fire      |       |       |       |       |       |     8 ||     8
       Swiftness         |       |       |       |       |       |     1 ||     1
Invok: Heroism           |       |       |       |     2 |    31 |    17 ||    50
       Finesse           |       |       |       |       |     4 |     1 ||     5
 Abil: Evoke Invisibilit |       |       |       |       |     2 |       ||     2
       Blink             |       |       |       |       |     1 |    11 ||    12
Evoke: Wand              |       |       |       |     7 |     3 |       ||    10
  Use: Potion            |       |     4 |     2 |     9 |     1 |     6 ||    22
       Scroll            |       |       |       |    19 |    11 |    10 ||    40
 Stab: Sleeping          |     4 |     3 |       |     4 |       |       ||    11
       Invisible         |       |       |       |       |     7 |     2 ||     9
       Distracted        |       |       |       |       |       |     2 ||     2
  Eat: Chunk             |     1 |     9 |    12 |    28 |    22 |    12 ||    84
       Meat ration       |       |       |     1 |     3 |     3 |     1 ||     8
       Royal jelly       |       |       |       |     2 |     3 |     2 ||     7
       Fruit             |       |       |       |       |     2 |     1 ||     3
       Bread ration      |       |       |       |       |     1 |     2 ||     3
Armor: Robe              |    14 |    14 |       |    96 |   143 |       ||   267
       Leather armour    |       |    39 |    83 |    22 |    46 |       ||   190
       Scale mail        |       |       |       |       |   114 |   428 ||   542
Dodge: Dodged            |    42 |    91 |   117 |   189 |   868 |   558 ||  1865
Block: Other             |       |       |       |    56 |   264 |   199 ||   519
       Reflection        |       |       |       |       |       |     1 ||     1

Table legend:
 A = Spawn XP
 B = Non-spawn XP
 C = Spawn XP percentage of total XP
 D = Spawn monster count
 E = Non-spawn monster count
 F = Spawn count percentage of total count
 G = Total turns spent on level
                    A         B        C        D         E        F      G
               +---------+---------+-------+---------+---------+-------+---------
         Total |       0 |  226688 |   0.0 |       0 |    1031 |   0.0 | 42742
               +---------+---------+-------+---------+---------+-------+---------
           D:1 |       0 |      31 |   0.0 |       0 |      20 |   0.0 |   998
           D:2 |       0 |     242 |   0.0 |       0 |      48 |   0.0 |  1010
           D:3 |       0 |     185 |   0.0 |       0 |      34 |   0.0 |  1334
           D:4 |       0 |     618 |   0.0 |       0 |      34 |   0.0 |   996
           D:5 |       0 |    1057 |   0.0 |       0 |      28 |   0.0 |  1173
           D:6 |       0 |    1983 |   0.0 |       0 |      36 |   0.0 |  1767
           D:7 |       0 |    2441 |   0.0 |       0 |      41 |   0.0 |  2024
           D:8 |       0 |    2238 |   0.0 |       0 |      34 |   0.0 |   899
           D:9 |       0 |    2028 |   0.0 |       0 |      30 |   0.0 |  1070
          D:10 |       0 |    2047 |   0.0 |       0 |      15 |   0.0 |  1455
          D:11 |       0 |    4884 |   0.0 |       0 |      24 |   0.0 |  1670
          D:12 |       0 |   10945 |   0.0 |       0 |      60 |   0.0 |  2160
          D:13 |       0 |   17491 |   0.0 |       0 |      45 |   0.0 |  1243
          D:14 |       0 |   12764 |   0.0 |       0 |      46 |   0.0 |  1077
          D:15 |       0 |   10985 |   0.0 |       0 |      31 |   0.0 |  1047
        Lair:1 |       0 |    3290 |   0.0 |       0 |      11 |   0.0 |  1390
        Lair:2 |       0 |    3989 |   0.0 |       0 |      19 |   0.0 |  1850
        Lair:3 |       0 |    3514 |   0.0 |       0 |      14 |   0.0 |  1071
        Lair:4 |       0 |    1625 |   0.0 |       0 |      12 |   0.0 |   421
        Lair:5 |       0 |    8828 |   0.0 |       0 |      26 |   0.0 |  1501
        Lair:6 |       0 |   12955 |   0.0 |       0 |      38 |   0.0 |  1054
       Swamp:1 |       0 |    7217 |   0.0 |       0 |      27 |   0.0 |  1683
       Swamp:2 |       0 |   13077 |   0.0 |       0 |      44 |   0.0 |  2205
       Swamp:3 |       0 |    6451 |   0.0 |       0 |      17 |   0.0 |  1027
       Swamp:4 |       0 |   12989 |   0.0 |       0 |      29 |   0.0 |   989
      Spider:1 |       0 |   36920 |   0.0 |       0 |     103 |   0.0 |  4176
      Spider:2 |       0 |   18985 |   0.0 |       0 |      30 |   0.0 |  2049
      Spider:3 |       0 |    4180 |   0.0 |       0 |       7 |   0.0 |   355
         Orc:1 |       0 |    7953 |   0.0 |       0 |      56 |   0.0 |  1456
         Orc:2 |       0 |   14776 |   0.0 |       0 |      72 |   0.0 |  1314
               +---------+---------+-------+---------+---------+-------+---------
